PAAA
SYRACUSE STARKS @ FOREST CITY WARRIORS
08/16/2041
 
TOP OF THE 1ST
Syracuse Starks batting - Pitching for Forest City Warriors : RHP Clarence Miller
Pitching: RHP Clarence Miller
Batting: RHB Beco Bnard 0-0: Ball
1-0: Ball
2-0: Ball
3-0: Base on Balls
Batting: RHB Akke Derksen 0-0: Called Strike
0-1: Ball
1-1: SINGLE (Groundball, 6MD, EV 96.2 MPH)
Beco Bnard to second
Runner from 2nd tries for 3rd, OUT! 8-5
Batting: LHB Mare Riseley 0-0: Called Strike
0-1: Ball
1-1: Called Strike
1-2: Strikes out looking
Batting: SHB Brian Burt 0-0: Ball
1-0: Called Strike
1-1: Foul Ball, location: 2F
1-2: Strikes out looking
Top of the 1st over - 0 runs, 1 hit, 0 errors, 1 left on base; Syracuse 0 - Forest City 0
BOTTOM OF THE 1ST
Forest City Warriors batting - Pitching for Syracuse Starks : RHP Goodluck Obasanjo
Pitching: RHP Goodluck Obasanjo
Batting: RHB Roberto Vázquez 0-0: Ground out 6-3 (Groundball, 6, EV 80.0 MPH)
Batting: RHB Ernest Franks 0-0: Called Strike
0-1: Called Strike
0-2: Ball
1-2: Ball
2-2: Ball
3-2: Foul Ball, location: 2F
3-2: Foul Ball, location: 2F
3-2: DOUBLE (Flyball, 8LXD, EV 102.5 MPH)
Pitching: RHP Austin Bizzle
Batting: LHB Lauren Hilfiker 0-0: Called Strike
0-1: Ball
1-1: Fly out, F9 (Flyball, 89S, EV 88.8 MPH)
Batting: RHB Wilbur Davis 0-0: Ball
1-0: Swinging Strike
1-1: 2-RUN HOME RUN (Flyball, 7LD, EV 87.5 MPH), Distance : 357 ft
Batting: LHB Bob Giles 0-0: Foul Ball, location: 2F
0-1: Called Strike
0-2: Foul Ball, location: 2F
0-2: Ball
1-2: Ball
2-2: Ground out 3-1 (Groundball, 3S, EV 70.6 MPH)
Bottom of the 1st over - 2 runs, 2 hits, 0 errors, 0 left on base; Syracuse 0 - Forest City 2
TOP OF THE 2ND
Syracuse Starks batting - Pitching for Forest City Warriors : RHP Clarence Miller
Batting: RHB Cisco Feijoo 0-0: Ball
1-0: Fly out, F7 (Flyball, 78S, EV 89.4 MPH)
Batting: RHB Graeme Dormer 0-0: Fly out, F9 (Flyball, 9S, EV 91.2 MPH)
Batting: RHB Damon Newbold 0-0: SINGLE (Groundball, 56D, EV 102.5 MPH)
Batting: LHB Gary Malone 0-0: Called Strike
0-1: Ball
1-1: Foul Ball, location: 2F
1-2: Ball
2-2: Strikes out swinging
Top of the 2nd over - 0 runs, 1 hit, 0 errors, 1 left on base; Syracuse 0 - Forest City 2
BOTTOM OF THE 2ND
Forest City Warriors batting - Pitching for Syracuse Starks : RHP Austin Bizzle
Batting: RHB Sigi Lang 0-0: SINGLE (Groundball, 56D, EV 95.6 MPH)
Batting: RHB José Álvarez 0-0: Ball
Sigi Lang steals 2nd base
1-0: SINGLE (Groundball, 3D, EV 100.0 MPH)
Sigi Lang to third
Batting: RHB Armando Altagracia 0-0: Swinging Strike
0-1: DOUBLE (Line Drive, 9LM, EV 112.5 MPH)
Sigi Lang scores
José Álvarez to third
Runner from 3rd tries for Home, SAFE, throw by RF to trailing runner, SAFE at third!
Batting: RHB Dale Epner 0-0: Swinging Strike
0-1: Ball
1-1: Ball
2-1: Ball
3-1: Base on Balls
Batting: RHB Roberto Vázquez 0-0: Called Strike
0-1: Ball
1-1: Foul Ball, location: 2F
1-2: Foul Ball, location: 2F
1-2: Fielders Choice at 2nd, 5-4 (Groundball, 56S, EV 76.9 MPH)
Armando Altagracia scores
Batting: RHB Ernest Franks 0-0: Fielders Choice at 2nd, 6-4 (Groundball, 6, EV 80.0 MPH)
Batting: LHB Lauren Hilfiker 0-0: Ground out 1-3 (Groundball, 15S, EV 73.1 MPH)
Bottom of the 2nd over - 3 runs, 3 hits, 0 errors, 1 left on base; Syracuse 0 - Forest City 5
TOP OF THE 3RD
Syracuse Starks batting - Pitching for Forest City Warriors : RHP Clarence Miller
Batting: RHB Nelson Rivera 0-0: Called Strike
0-1: Foul Ball, location: 2F
0-2: Strikes out swinging
Batting: RHB Beco Bnard 0-0: Called Strike
0-1: Ball
1-1: Ball
2-1: Ball
3-1: Swinging Strike
3-2: Foul Ball, location: 2F
3-2: Strikes out swinging
Batting: RHB Akke Derksen 0-0: Called Strike
0-1: Ball
1-1: Foul Ball, location: 2F
1-2: Ball
2-2: Ball
3-2: Base on Balls
Pitching: RHP Thomas Careless
Batting: LHB Mare Riseley 0-0: Called Strike
0-1: DOUBLE (Line Drive, 7LM, EV 110.0 MPH)
Akke Derksen to third
Batting: SHB Brian Burt 0-0: Ball
1-0: Called Strike
1-1: Called Strike
1-2: Ground out 6-3 (Groundball, 6, EV 82.5 MPH)
Top of the 3rd over - 0 runs, 1 hit, 0 errors, 2 left on base; Syracuse 0 - Forest City 5
BOTTOM OF THE 3RD
Forest City Warriors batting - Pitching for Syracuse Starks : RHP Austin Bizzle
Batting: RHB Wilbur Davis 0-0: Called Strike
0-1: Ball
1-1: Foul Ball, location: 2F
1-2: Hit by Pitch
Batting: LHB Bob Giles 0-0: Ball
1-0: Foul Ball, location: 2F
1-1: Ball
2-1: Foul Ball, location: 2F
2-2: Ground out 6-3 (Groundball, 56D, EV 103.8 MPH)
Wilbur Davis to second
Batting: RHB Sigi Lang 0-0: Called Strike
0-1: Ball
1-1: Ball
2-1: Ball
3-1: Base on Balls
Batting: RHB José Álvarez 0-0: Foul Ball, location: 2F
0-1: Ball
1-1: Foul Ball, location: 2F
1-2: SINGLE (Groundball, 6, EV 80.0 MPH) (infield hit)
Wilbur Davis to third
Sigi Lang to second
Pitching: RHP Greyfriars Bobby
Batting: RHB Armando Altagracia 0-0: Ball
1-0: Ball
2-0: Swinging Strike
2-1: Foul Ball, location: 2F
2-2: Ball
3-2: Base on Balls
Wilbur Davis scores
Sigi Lang to third
José Álvarez to second
Batting: RHB Dale Epner 0-0: Ball
1-0: Called Strike
1-1: Ball
2-1: Ball
3-1: Base on Balls
Sigi Lang scores
José Álvarez to third
Armando Altagracia to second
Batting: RHB Roberto Vázquez 0-0: Foul Ball, location: 2F
0-1: Ball
1-1: Grounds into double play, 6-4-3 (Groundball, 6S, EV 86.9 MPH)
Bottom of the 3rd over - 2 runs, 1 hit, 0 errors, 2 left on base; Syracuse 0 - Forest City 7
TOP OF THE 4TH
Syracuse Starks batting - Pitching for Forest City Warriors : RHP Thomas Careless
Batting: RHB Cisco Feijoo 0-0: Ground out 6-3 (Groundball, 6M, EV 78.1 MPH)
Batting: RHB Graeme Dormer 0-0: Ball
1-0: Ball
2-0: Called Strike
2-1: SINGLE (Groundball, 56D, EV 107.5 MPH)
Batting: RHB Damon Newbold 0-0: Ball
1-0: Ball
2-0: Called Strike
2-1: Foul Ball, location: 2F
2-2: SINGLE (Groundball, 56D, EV 96.2 MPH)
Graeme Dormer to second
Batting: LHB Gary Malone 0-0: Ball
1-0: Ball
2-0: Swinging Strike
2-1: Ball
3-1: Called Strike
3-2: Strikes out swinging
Batting: RHB Nelson Rivera 0-0: Ball
1-0: Swinging Strike
1-1: Ball
2-1: Ball
3-1: Ground out 1-3 (Groundball, 34S, EV 63.8 MPH)
Top of the 4th over - 0 runs, 2 hits, 0 errors, 2 left on base; Syracuse 0 - Forest City 7
BOTTOM OF THE 4TH
Forest City Warriors batting - Pitching for Syracuse Starks : RHP Greyfriars Bobby
Batting: RHB Ernest Franks 0-0: SINGLE (Groundball, 6D, EV 100.0 MPH)
Batting: LHB Lauren Hilfiker 0-0: Ball
1-0: Ball
2-0: Ball
3-0: Called Strike
3-1: Ground out 4-3 (Groundball, 34D, EV 90.6 MPH)
Ernest Franks to second
Batting: RHB Wilbur Davis 0-0: Fly out, F5 (Popup, 5S, EV 80.6 MPH)
Batting: LHB Bob Giles 0-0: Ball
1-0: Ball
2-0: Foul Ball, location: 2F
2-1: SINGLE (Line Drive, 8LS, EV 93.1 MPH)
Ernest Franks to third
Batting: RHB Sigi Lang 0-0: Ball
1-0: Foul Ball, location: 2F
1-1: Foul Ball, location: 2F
1-2: Ball
2-2: SINGLE (Line Drive, 56D, EV 96.9 MPH)
Ernest Franks scores
Bob Giles to second
Batting: RHB José Álvarez 0-0: Called Strike
0-1: Ball
1-1: Fielders Choice at 2nd, 5-4 (Groundball, 5, EV 105.6 MPH)
Bottom of the 4th over - 1 run, 3 hits, 0 errors, 2 left on base; Syracuse 0 - Forest City 8
TOP OF THE 5TH
Syracuse Starks batting - Pitching for Forest City Warriors : RHP Thomas Careless
Batting: RHB Beco Bnard 0-0: Called Strike
0-1: Ball
1-1: Ball
2-1: Called Strike
2-2: Foul Ball, location: 2F
2-2: Ball
3-2: Fly out, F8 (Flyball, 8RM, EV 86.9 MPH)
Batting: RHB Akke Derksen 0-0: Foul Ball, location: 2F
0-1: Swinging Strike
0-2: Strikes out swinging
Batting: LHB Mare Riseley 0-0: Called Strike
0-1: Ball
1-1: Ball
2-1: SINGLE (Line Drive, 9S, EV 105.0 MPH)
Batting: SHB Brian Burt 0-0: Called Strike
0-1: Called Strike
0-2: Ball
Mare Riseley steals 2nd base (no throw)
1-2: Ground out 1-3 (Groundball, 23, EV 91.9 MPH)
Top of the 5th over - 0 runs, 1 hit, 0 errors, 1 left on base; Syracuse 0 - Forest City 8
BOTTOM OF THE 5TH
Forest City Warriors batting - Pitching for Syracuse Starks : RHP Greyfriars Bobby
Batting: RHB Armando Altagracia 0-0: Ball
1-0: Called Strike
1-1: Ground out 6-3 (Groundball, 6MS, EV 79.4 MPH)
Batting: RHB Dale Epner 0-0: Ball
1-0: Foul Ball, location: 2F
1-1: Ball
2-1: Ground out 5-3 (Groundball, 56, EV 104.4 MPH)
Batting: RHB Roberto Vázquez 0-0: Ball
1-0: Foul Ball, location: 2F
1-1: Called Strike
1-2: Ground out 6-3 (Groundball, 6, EV 83.8 MPH)
Bottom of the 5th over - 0 runs, 0 hits, 0 errors, 0 left on base; Syracuse 0 - Forest City 8
TOP OF THE 6TH
Syracuse Starks batting - Pitching for Forest City Warriors : RHP Thomas Careless
Batting: RHB Cisco Feijoo 0-0: Fly out, F8 (Flyball, 89M, EV 85.6 MPH)
Batting: RHB Graeme Dormer 0-0: Foul Ball, location: 2F
0-1: Ball
1-1: Ball
2-1: Foul Ball, location: 2F
2-2: Fly out, F9 (Flyball, 89D, EV 108.8 MPH)
Batting: RHB Damon Newbold 0-0: Ball
1-0: Foul Ball, location: 2F
1-1: Called Strike
1-2: Ball
2-2: Ball
3-2: Base on Balls
Batting: LHB Gary Malone 0-0: Ball
1-0: Ball
2-0: Foul Ball, location: 2F
2-1: Fielders Choice at 2nd, 6-4 (Groundball, 6, EV 98.8 MPH)
Top of the 6th over - 0 runs, 0 hits, 0 errors, 1 left on base; Syracuse 0 - Forest City 8
BOTTOM OF THE 6TH
Forest City Warriors batting - Pitching for Syracuse Starks : RHP Greyfriars Bobby
Batting: RHB Ernest Franks 0-0: Swinging Strike
0-1: Ball
1-1: Swinging Strike
1-2: Foul Ball, location: 2F
1-2: Strikes out swinging
Batting: LHB Lauren Hilfiker 0-0: Foul Ball, location: 2F
0-1: Foul Ball, location: 2F
0-2: Foul Ball, location: 2F
0-2: Ball
1-2: Reached on error, E4 (Groundball, 4MS, EV 66.2 MPH)
Pitching: LHP Jeffery Brock
Batting: RHB Wilbur Davis 0-0: Swinging Strike
0-1: Swinging Strike
0-2: Foul Ball, location: 2F
0-2: Ball
1-2: Ball
2-2: Strikes out swinging
Batting: LHB Bob Giles 0-0: SINGLE (Flyball, 7LM, EV 95.0 MPH)
Lauren Hilfiker to second
Batting: RHB Sigi Lang 0-0: Called Strike
0-1: Called Strike
0-2: Fly out, F7 (Flyball, 78XD, EV 100.6 MPH)
Bottom of the 6th over - 0 runs, 1 hit, 1 error, 2 left on base; Syracuse 0 - Forest City 8
TOP OF THE 7TH
Syracuse Starks batting - Pitching for Forest City Warriors : RHP Thomas Careless
Pinch Hitting: RHB Atanza Vongor 0-0: Fly out, F6 (Line Drive, 6, EV 66.9 MPH)
Batting: RHB Beco Bnard 0-0: SINGLE (Groundball, 6S, EV 66.9 MPH) (infield hit)
Pitching: RHP Hans Rager
Pinch Hitting: RHB Gabe Cain 0-0: Ball
Beco Bnard is caught stealing 2nd base 2-4
1-0: Ball
2-0: Foul Ball, location: 2F
2-1: Called Strike
2-2: Ball
3-2: Strikes out looking
Top of the 7th over - 0 runs, 1 hit, 0 errors, 0 left on base; Syracuse 0 - Forest City 8
BOTTOM OF THE 7TH
Forest City Warriors batting - Pitching for Syracuse Starks : LHP Jeffery Brock
Now in LF: Atanza Vongor
Now in RF: Gabe Cain
Batting: RHB José Álvarez 0-0: Called Strike
0-1: Ball
1-1: Called Strike
1-2: Ground out 6-3 (Groundball, 6, EV 95.6 MPH)
Batting: RHB Armando Altagracia 0-0: Ball
1-0: Swinging Strike
1-1: Ground out 6-3 (Groundball, 6S, EV 86.2 MPH)
Batting: RHB Dale Epner 0-0: Ball
1-0: Foul Ball, location: 2F
1-1: Foul Ball, location: 2F
1-2: Foul Ball, location: 2F
1-2: Ball
2-2: Strikes out swinging
Bottom of the 7th over - 0 runs, 0 hits, 0 errors, 0 left on base; Syracuse 0 - Forest City 8
TOP OF THE 8TH
Syracuse Starks batting - Pitching for Forest City Warriors : RHP Hans Rager
Batting: LHB Mare Riseley 0-0: Ball
1-0: Ball
2-0: Ball
3-0: Base on Balls
Batting: SHB Brian Burt 0-0: Called Strike
0-1: SINGLE (Line Drive, 7S, EV 89.4 MPH)
Mare Riseley to second
Batting: RHB Cisco Feijoo 0-0: Called Strike
0-1: Ball
1-1: SINGLE (Line Drive, 8RS, EV 95.0 MPH)
Mare Riseley to third
Brian Burt to second
Runner from 3rd tries for Home, SAFE, no throw by CF
Batting: RHB Graeme Dormer 0-0: Called Strike
0-1: 3-RUN HOME RUN (Flyball, 7D, EV 107.5 MPH), Distance : 368 ft
Pitching: RHP Wilson Alindogan
Batting: RHB Damon Newbold 0-0: Foul Ball, location: 2F
0-1: Ball
1-1: Reached on error, E5 (Groundball, 5, EV 100.6 MPH)
Batting: LHB Gary Malone 0-0: Hit by Pitch
Batting: RHB Atanza Vongor 0-0: Called Strike
0-1: Called Strike
0-2: Grounds into double play, 6-4-3 (Groundball, 56, EV 105.6 MPH)
Damon Newbold to third
Batting: RHB Beco Bnard 0-0: Called Strike
0-1: Foul Ball, location: 2F
0-2: Fly out, F8 (Flyball, 8LD, EV 83.8 MPH)
Top of the 8th over - 4 runs, 3 hits, 1 error, 1 left on base; Syracuse 4 - Forest City 8
BOTTOM OF THE 8TH
Forest City Warriors batting - Pitching for Syracuse Starks : LHP Jeffery Brock
Batting: RHB Roberto Vázquez 0-0: Called Strike
0-1: Foul Ball, location: 2F
0-2: Strikes out swinging
Batting: RHB Ernest Franks 0-0: Foul Ball, location: 2F
0-1: Ball
1-1: Ball
2-1: Swinging Strike
2-2: Ground out U3 (Groundball, 3, EV 83.8 MPH)
Batting: LHB Lauren Hilfiker 0-0: SOLO HOME RUN (Flyball, 9D, EV 98.8 MPH), Distance : 362 ft
Batting: RHB Wilbur Davis 0-0: Ball
1-0: Ball
2-0: SINGLE (Groundball, 6MD, EV 102.5 MPH)
Batting: LHB Bob Giles 0-0: Swinging Strike
0-1: Ball
1-1: Swinging Strike
1-2: Ball
2-2: Strikes out swinging
Bottom of the 8th over - 1 run, 2 hits, 0 errors, 1 left on base; Syracuse 4 - Forest City 9
TOP OF THE 9TH
Syracuse Starks batting - Pitching for Forest City Warriors : RHP Wilson Alindogan
Batting: RHB Gabe Cain 0-0: Called Strike
0-1: Foul Ball, location: 2F
0-2: Ground out 6-3 (Groundball, 6, EV 109.4 MPH)
Batting: LHB Mare Riseley 0-0: Ball
1-0: Ball
2-0: Ball
3-0: Base on Balls
Batting: SHB Brian Burt 0-0: Called Strike
0-1: Called Strike
0-2: Strikes out looking
Batting: RHB Cisco Feijoo 0-0: Called Strike
0-1: Swinging Strike
0-2: Strikes out swinging
Top of the 9th over - 0 runs, 0 hits, 0 errors, 1 left on base; Syracuse 4 - Forest City 9
Tuesday, January 5th, 2021 - OOTP Baseball 20.8 Build 74